 Dungeon Crawl Stone Soup version 0.29.0-4-gdea44cf6ec (webtiles) character file.

Game seed: 3583006067855282228

292 qw the Chopper (level 6, -2/35 HPs)
             Began as a Tengu Warper on Aug 28, 2022.
             Slain by a gnoll
             ... wielding a +0 spear
              (6 damage)
             ... on level 3 of the Dungeon.
             The game lasted 00:00:12 (1889 turns).

qw the Chopper (Tengu Warper)                       Turns: 1889, Time: 00:00:12

Health: -2/35      AC:  8    Str: 14    XL:     6   Next: 33%
Magic:  10/10      EV:  8    Int: 13    God:
Gold:   222        SH:  0    Dex: 13    Spells: 9/9 levels left

rFire   . . .      SeeInvis .   Y - +2 hand axe
rCold   . . .      Faith    .   (no shield)
rNeg    . . .      Spirit   .   k - +0 chain mail
rPois   +          Reflect  .   (helmet restricted)
rElec   .          Harm     .   (no cloak)
rCorr   .          Rampage  .   (no gloves)
Will    .....                   (boots unavailable)
Stlth   ..........              (no amulet)
HPRegen 0.11/turn               e - ring of poison resistance
MPRegen 0.12/turn               (no ring)

@: about to teleport, flying quickly and evasively, quick
A: beak, talons 3, nimble flight
a: no special abilities


You were on level 3 of the Dungeon.
You visited 1 branch of the dungeon, and saw 3 of its levels.

You collected 222 gold pieces.


Innate Abilities, Weirdness & Mutations

You have a beak for a mouth.
You have claws for feet.
Your magical nature lets you fly swiftly and evasively.


   Skills:
 - Level 2.0 Fighting
 + Level 6.7 Axes
 - Level 1.0 Throwing
 - Level 2.4 Armour
 - Level 2.1 Dodging
 - Level 2.0 Spellcasting
 - Level 2.4 Translocations


You had 9 spell levels left.
You didn't know any spells.
Your spell library contained the following spells:

 Spells                   Type           Power      Damage    Failure   Level
 Blink                    Tloc           14%        N/A       98%         2
 Gell's Gravitas          Tloc           7%         N/A       100%        3
 Lesser Beckoning         Tloc           7%         N/A       100%        3
 Teleport Other           Tloc           7%         N/A       100%        3
 Manifold Assault         Tloc           7%         N/A       100%        5

Inventory:

Hand Weapons
 a - a +0 flail
 Y - a +2 hand axe (weapon)
Missiles
 d - 8 boomerangs (quivered)
Armour
 c - a +0 pair of gloves
 k - a +0 chain mail (worn)
Jewellery
 e - a ring of poison resistance (left hand)
Scrolls
 b - a scroll of identify
Potions
 f - a potion of berserk rage {unknown}
 j - a potion of might {unknown}

Dungeon Overview and Level Annotations

Branches:
Dungeon (3/15)

Altars:

Annotations:
D:3 2 transporters, qw's ghost, weakling TeWr


Message History

The gnoll is lightly wounded.
The gnoll hits you with a +0 halberd.
A gnoll comes into view. It is wielding a +0 spear.
You hit the gnoll. You claw the gnoll.
The gnoll is heavily wounded.
The gnoll closely misses you.
You barely miss the gnoll. Your kick misses the gnoll.
The gnoll is heavily wounded.
The gnoll hits you with a +0 halberd.
You hit the gnoll.
You kill the gnoll!
A gnoll comes into view. It is wielding a +0 spear.
1880 ||| Stepping ~*~*~tactically~*~*~ (hiding).
You start resting.
A gnoll is nearby!
A gnoll comes into view. It is wielding a +0 spear.
The gnoll shouts!
The gnoll hits you with a +0 spear.
You hit the gnoll. Your kick misses the gnoll.
You peck the gnoll, but do no damage.
The gnoll is moderately wounded.
The gnoll hits you with a +0 spear.
You hit the gnoll.
The gnoll is heavily wounded.
The gnoll barely misses you.
You slash the gnoll!
You kill the gnoll!
The gnoll hits you but does no damage.
The gnoll hits you from afar with a +0 spear.
The gnoll hits you with a +0 spear.
Items here: %% )).
You hit the gnoll. You claw the gnoll.
The gnoll is severely wounded.
The gnoll hits you from afar with a +0 spear.
The gnoll hits you with a +0 spear.
1889 ||| READING scroll of teleportation.
As you read the scroll of teleportation, it crumbles to dust.
You feel strangely unstable. The gnoll completely misses you.
The gnoll hits you with a +0 spear.
You die...

######### #
#.......######
####.##..####......#
#...gg@..####.####.#
#.##.##..........#.#
.. #..####.##.#.# ##
#..####.##.#.#
#..........).#
#######.....##
#.....# #.....#
##...##


You could see 2 gnolls.

Vanquished Creatures
  Sigmund (D:2)
  Jessica (D:3)
  Terence (D:3)
  2 gnolls (D:3)
  An adder (D:3)
  A dart slug (D:1)
  6 orcs (D:3)
  6 endoplasms
  3 giant cockroaches
  3 goblins (D:1)
  5 hobgoblins
  2 quokkas (D:2)
  3 ball pythons
  3 bats
  3 frilled lizards
  4 kobolds
  4 rats
49 creatures vanquished.

Notes
Turn   | Place    | Note
-------+----------+-------------------------------------------
     0 | D:1      | qw the Tengu Warper began the quest for the Orb.
     0 | D:1      | Reached XP level 1. HP: 12/12 MP: 4/4
     0 | D:1      | 0 ||| qw: Version: 0.1-a-89-g26bdef1
     0 | D:1      | 0 ||| qw: Game counter: 1762
     0 | D:1      | 0 ||| qw: Always use a shield: true
     0 | D:1      | 0 ||| qw: God list: Okawaru
     0 | D:1      | 0 ||| qw: Allow faded altars: false
     0 | D:1      | 0 ||| qw: Do Orc after D:15 true
     0 | D:1      | 0 ||| qw: Do second Lair branch before Depths: true
     0 | D:1      | 0 ||| qw: Lair rune preference: random
     0 | D:1      | 0 ||| qw: Plans: Normal
     0 | D:1      | 0 ||| PLANNING D:1-11
    67 | D:1      | Reached skill level 3 in Axes
    67 | D:1      | Reached XP level 2. HP: 17/17 MP: 6/6
   304 | D:1      | 304 ||| DROPPING +0 club.
   307 | D:1      | Found a faded altar of an unknown god.
   475 | D:1      | 475 ||| UPGRADING to +0 chain mail.
   485 | D:1      | 485 ||| DROPPING +0 leather armour.
   486 | D:1      | 486 ||| DROPPING +6 ring of intelligence.
   487 | D:1      | 487 ||| READING scroll labelled COLANEDUMA.
   488 | D:1      | 488 ||| READING scroll labelled HOYSIH UTHINLU.
   489 | D:1      | 489 ||| READING scroll labelled DANNECVAM.
   490 | D:1      | 490 ||| READING scroll labelled DYUSOKLOSCH.
   491 | D:1      | 491 ||| DROPPING scroll of blinking.
   527 | D:2      | Reached XP level 3. HP: 21/21 MP: 7/7
   528 | D:2      | Identified the +0 ring mail of Yfonev {Rampage}
   574 | D:2      | Noticed Sigmund
   583 | D:2      | Killed Sigmund
   584 | D:2      | Reached skill level 6 in Axes
   584 | D:2      | Reached XP level 4. HP: 23/26 MP: 8/8
   584 | D:2      | Gained mutation: Your magical nature lets you fly swiftly
                  | and evasively. [Tengu growth]
   584 | D:2      | Reached XP level 5. HP: 26/30 MP: 9/9
   752 | D:2      | 752 ||| Stepping ~*~*~tactically~*~*~ (stealth).
   753 | D:2      | 753 ||| Stepping ~*~*~tactically~*~*~ (stealth).
   754 | D:2      | 754 ||| Stepping ~*~*~tactically~*~*~ (stealth).
   755 | D:2      | 755 ||| Stepping ~*~*~tactically~*~*~ (stealth).
   786 | D:2      | 786 ||| READING scroll of enchant weapon.
   786 | D:2      | 786 ||| ENCHANTING +1 hand axe.
  1130 | D:2      | 1130 ||| DROPPING +0 ring mail of Yfonev {Rampage}.
  1131 | D:2      | 1131 ||| UPGRADING to ring of poison resistance.
  1132 | D:2      | 1132 ||| READING scroll labelled SEKEINW URUKO.
  1133 | D:2      | 1133 ||| READING scroll labelled HOCZOX CECAADOGG.
  1134 | D:2      | 1134 ||| READING scroll labelled OGAFUSHOESM.
  1135 | D:2      | 1135 ||| READING 2 scrolls labelled ZASAT JAWNI.
  1231 | D:3      | Noticed Terence
  1232 | D:3      | 1232 ||| Stepping ~*~*~tactically~*~*~ (stealth).
  1247 | D:3      | HP: 6/30 [Terence/+0 short sword (2)]
  1248 | D:3      | 1248 ||| READING scroll of teleportation.
  1249 | D:3      | Killed Terence
  1250 | D:3      | Reached XP level 6. HP: 8/35 MP: 10/10
  1503 | D:3      | Noticed qw's ghost (weakling TeWr)
  1509 | D:3      | Found a transporter.
  1517 | D:3      | 1517 ||| Stepping ~*~*~tactically~*~*~ (stealth).
  1550 | D:3      | 1550 ||| DROPPING +0 whip.
  1807 | D:3      | Found a transporter.
  1839 | D:3      | Noticed Jessica
  1844 | D:3      | Killed Jessica
  1871 | D:3      | 1871 ||| Stepping ~*~*~tactically~*~*~ (hiding).
  1880 | D:3      | 1880 ||| Stepping ~*~*~tactically~*~*~ (hiding).
  1888 | D:3      | HP: 6/35 [gnoll/+0 spear (4)]
  1889 | D:3      | 1889 ||| READING scroll of teleportation.
  1889 | D:3      | Slain by a gnoll

Levels and vault maps discovered:
D:1:      nicolae_arrival_memento_mori, layout_rooms,
          chequers_ecumenical_altar_island
D:2:      layout_loops_ring, uniq_sigmund
D:3:      layout_loops_cross, gammafunk_ghost_stat_death, uniq_terence,
          uniq_jessica

Skill      XL: |  1  2  3  4  5 |
---------------+----------------+-----
Axes           | 3 6 |  6.7
Armour         | 2 |  2.4
Fighting       | |  2.0
Throwing       | |  1.0
Dodging        | |  2.1
Spellcasting   | |  2.0
Translocations | |  2.4

Action                   |  1- 3 |  4- 6 || total
-------------------------+-------+-------++-------
Melee: Hand axe          |    21 |    49 ||    70
       Peck              |     2 |     6 ||     8
       Kick              |       |    10 ||    10
Throw: Boomerang         |    37 |    26 ||    63
  Use: Scroll            |     4 |     7 ||    11
Armor: Leather armour    |     3 |       ||     3
       Chain mail        |    10 |    11 ||    21
Dodge: Dodged            |     8 |    19 ||    27

Table legend:
 A = Non-vault XP
 B = Vault XP
 C = Vault XP percentage of total XP
 D = Non-vault monster count
 E = Vault monster count
 F = Vault count percentage of total count
                 A         B        C        D         E       F
            +---------+---------+-------+---------+---------+-------
      Total |     122 |     296 |  70.8 |      46 |       3 |   6.1
            +---------+---------+-------+---------+---------+-------
        D:1 |      32 |       0 |   0.0 |      18 |       0 |   0.0
        D:2 |      18 |     223 |  92.5 |      11 |       1 |   8.3
        D:3 |      72 |      73 |  50.3 |      17 |       2 |  10.5
            +---------+---------+-------+---------+---------+-------
